 Dungeon Crawl Stone Soup version 0.30-a0-802-gb92711bcdf (webtiles) character file.

Game seed: 15554700861519466345

15 dialectric the Trooper (level 2, 0/16 (24) HPs)
             Began as a Demonspawn Fighter on Feb 23, 2023.
             Slain by a kobold
             ... wielding a +2 dagger of draining
              (1 damage)
             ... on level 1 of the Dungeon.
             The game lasted 00:00:32 (369 turns).

dialectric the Trooper (Demonspawn Fighter)          Turns: 369, Time: 00:00:32

HP:   0/16 (24)     AC:  3    Str: 16    XL:     2   Next: 34%
MP:   2/2           EV:  9    Int:  9    God:
Gold: 41            SH:  0    Dex: 12    Spells: 1/1 levels left

rFire   . . .      SeeInvis .    a - +0 long sword
rCold   . . .      Faith    .    (no shield)
rNeg    . . .      Spirit   .    b - +0 scale mail
rPois   .          Reflect  .    (no helmet)
rElec   .          Harm     .    (no cloak)
rCorr   .          Rampage  .    (no gloves)
Will    +....                    (no boots) Stlth
                                 (no amulet)
HPRegen 0.22/turn                (no ring)
MPRegen 0.08/turn                (no ring)

@: very heavily drained
A: foul stench 1, deformed body, strong-willed 1, evolution 1
a: no special abilities


You were on level 1 of the Dungeon.
You visited 1 branch of the dungeon, and saw 1 of its levels.

You collected 41 gold pieces.

Inventory:

Hand Weapons
 a - a +0 long sword (weapon)
 g - a +0 morningstar
Missiles
 i - 2 atropa-tipped darts (quivered)
Armour
 b - a +0 scale mail (worn)
 c - a +0 buckler
Scrolls
 e - a scroll of poison {unknown}
 f - a scroll of teleportation {unknown}
 h - a scroll of identify {unknown}
 j - a scroll of amnesia {unknown}
Potions
 d - a potion of might


   Skills:
 + Level 3.1 Fighting
 * Level 2.2 Long Blades
 + Level 2.9 Armour
 + Level 2.8 Shields


You had one spell level left.
You didn't know any spells.
Your spell library was empty.

Dungeon Overview and Level Annotations

Branches:
Dungeon (1/15)

Altars:


Innate Abilities, Weirdness & Mutations

You may rarely emit foul miasma when damaged in melee.
Armour fits poorly on your strangely shaped body.
You are strong-willed. (Will+)
You have hidden genetic potential.


Message History

The kobold hits you with a +2 dagger of draining.
You feel drained. The endoplasm closely misses you.
You hit the kobold.
The kobold is severely wounded.
The kobold hits you with a +2 dagger of draining.
You feel drained. The endoplasm freezes you.
You are frozen.
The kobold hits you with a +2 dagger of draining.
You feel drained.
The endoplasm jiggles.
The endoplasm freezes you.
You are frozen.
* * * LOW HITPOINT WARNING * * *
You are too injured to fight recklessly!
You are too injured to fight recklessly!
You are too injured to fight recklessly!
You are too injured to fight recklessly!
The endoplasm attacks as you move away!
The endoplasm hits you but does no damage.
The kobold attacks as you move away! The kobold barely misses you.
The kobold attacks as you move away! The kobold closely misses you.
The kobold attacks as you move away!
The kobold hits you with a +2 dagger of draining.
* * * LOW HITPOINT WARNING * * *
You feel drained.
* * * LOW HITPOINT WARNING * * *
The kobold attacks as you move away! The kobold barely misses you.
The kobold attacks as you move away! The kobold hits you but does no damage.
You feel drained.
It was a potion of mutation.
You feel extremely strange.
You feel strong-willed.
Your body twists and deforms.
You feel a hidden potential growing inside you.
The kobold barely misses you.
You closely miss the kobold.
The kobold is severely wounded.
The kobold hits you with a +2 dagger of draining.
* * * LOW HITPOINT WARNING * * *
You feel drained.
You die...

..#..............#
#........##.##..# ####
#...............# #K.
#.#..(..###.#...#####.#
.. #.....#
#.....♣.♣.♣.♣###
..#####.###
####K...K......#
........#
#J#♣#♣#♣#♣#..#
.....#).# #K# .# ....
#..# #@# .. .♣.♣ #..#
#.# ## ...# #..# #.#
.♣.♣##..# #.# ........#
#.. .♣.♣##.### ###
......#.. .♣.♣##.###
.......#


You could see an endoplasm and 2 kobolds.

Vanquished Creatures
  4 ball pythons (D:1)
  2 bats (D:1)
  3 hobgoblins (D:1)
  2 frilled lizards (D:1)
  3 kobolds (D:1)
14 creatures vanquished.

Notes
Turn   | Place    | Note
-------+----------+-------------------------------------------
     0 | D:1      | dialectric the Demonspawn Fighter began the quest for the
                  | Orb.
     0 | D:1      | Reached XP level 1. HP: 18/18 MP: 1/1
   148 | D:1      | Gained mutation: You may rarely emit foul miasma when
                  | damaged in melee. [demonic ancestry]
   148 | D:1      | Reached XP level 2. HP: 24/24 MP: 2/2
   368 | D:1      | Gained mutation: You are strong-willed. (Will+) [potion of
                  | mutation]
   368 | D:1      | Gained mutation: Armour fits poorly on your strangely
                  | shaped body. [potion of mutation]
   368 | D:1      | Gained mutation: You have hidden genetic potential. [potion
                  | of mutation]
   369 | D:1      | Slain by a kobold

Illustrated notes

Levels and vault maps discovered:
D:1:      saegor_arrival_simple_a, layout_loops_ring, serial_forest,
          infiniplex_forest_straight_3, infiniplex_forest_lined_2,
          infiniplex_forest_zigzag_1, infiniplex_forest_lined_2,
          infiniplex_forest_end_2

Skill      XL: |  1 |
---------------+----+-----
Long Blades    | 2 |  2.2
Fighting       | |  3.1
Armour         | |  2.9
Shields        | |  2.8

Action                     || total
---------------------------++-------
  Melee: Long sword        ||    41
    Use: Potion            ||     1
 Armour: Scale mail        ||    20
  Dodge: Dodged            ||    34

Table legend: (Time is in decaauts)
 A = Elapsed time spent in this place.
 B = Non-inter-level travel time spent in this place.
 C = Inter-level travel time spent in this place.
 D = Time resting spent in this place.
 E = Time spent auto-exploring this place.
 F = Levels seen in this place.
 G = Mean time per level.
                   A        B        C        D        E       F      G
               +--------+--------+--------+--------+--------+-----+--------+
         Total |    381 |    381 |      0 |      0 |    262 |   1 |  381.0 |
       Dungeon |    381 |    381 |      0 |      0 |    262 |   1 |  381.0 |
               +--------+--------+--------+--------+--------+-----+--------+

Top non-repeatable levels by time:
     D:1: 381 daAuts
